 Dungeon Crawl Stone Soup version 0.30-a0-1161-g0704695555 (webtiles) character file.

Game seed: 14637629358817456933

128 Lobster4 the Grave Robber (level 5, -4/38 HPs)
             Began as a Ghoul Necromancer on Apr 28, 2023.
             Slain by a water moccasin (5 damage)
             ... on level 3 of the Dungeon.
             The game lasted 00:09:53 (2499 turns).

Lobster4 the Grave Robber (Ghoul Necromancer)       Turns: 2499, Time: 00:09:54

Health: -4/38      AC:  3    Str: 12    XL:     5   Next: 12%
Magic:  1/7        EV: 12    Int: 12    God:
Gold:   178        SH:  0    Dex: 15    Spells: 4/8 levels left

rFire   . . .        k - +3 short sword
rCold   + . .        (no shield)
rNeg    + + +        a - +0 robe
rPois   ∞            (no helmet)
rElec   .            (no cloak)
rCorr   .            (no gloves)
SInv    .            s - +0 pair of boots
Will    .....        (no amulet)
Stlth   ++           l - +6 ring of dexterity
HPRegen 0.00/turn    (no ring)
MPRegen 0.10/turn

%: no passive effects
@: very slightly contaminated, inhibited regen, studying Translocations
A: claws 1, cold resistance 1, negative energy resistance 3, inhibited
regeneration, torment resistance 2, devour on kill
a: no special abilities


You were on level 3 of the Dungeon.
You visited 1 branch of the dungeon, and saw 3 of its levels.

You collected 178 gold pieces.

Inventory:

Hand Weapons
 d - a +0 spear
 k - a +3 short sword (weapon)
 o - a +2 dagger of venom
Missiles
 c - 22 stones (quivered)
Armour
 a - a +0 robe (worn)
 m - a +0 leather armour
 q - a +0 buckler
 s - a +0 pair of boots (worn)
Jewellery
 l - a +6 ring of dexterity (left claw)
 u - a ring of ice
Scrolls
 h - 2 scrolls of identify {unknown}
 i - a scroll of enchant weapon {unknown}
 j - a scroll of amnesia {unknown}
 n - a scroll of fog {unknown}
Potions
 b - a potion of magic
 e - a potion of attraction {unknown}
 f - a potion of heal wounds {unknown}
 g - 2 potions of curing {unknown}
 p - a potion of lignification {unknown}
 r - a potion of mutation {unknown}


   Skills:
 + Level 0.8 Short Blades
 + Level 0.8 Throwing
 + Level 1.1 Armour
 + Level 2.2 Dodging
 + Level 3.0 Stealth
 + Level 0.2 Shields
 + Level 1.4 Unarmed Combat
 + Level 2.3 Spellcasting
 + Level 4.4 Necromancy


You had 4 spell levels left.
You knew the following spells:

 Your Spells              Type           Power      Damage    Failure   Level
a - Necrotise             Necr           48%        1d6       4%          1
b - Vampiric Draining     Necr           12%        2d6       13%         3

Your spell library contained the following spells:

 Spells                   Type           Power      Damage    Failure   Level
 Animate Dead             Necr           12%        N/A       38%         4
 Agony                    Necr           12%        N/A       75%         5


Dungeon Overview and Level Annotations

Branches:
Dungeon (3/15)

Altars:


Innate Abilities, Weirdness & Mutations

You are immune to poison.
You have sharp fingernails.
Your flesh is cold resistant. (rC+)
You are immune to negative energy. (rN+++)
You do not regenerate when monsters are visible.
You are immune to unholy pain and torment.
You thrive by killing the living.


Message History

Aim: a water moccasin (heavily wounded, chance to affect: 67%)
The water moccasin struggles to resist.
The water moccasin closely misses you.
Casting: Necrotise (safe; 4% risk of failure)
Confirm with . or Enter, or press ? or * to list all spells.
Aiming: Necrotise (safe; 4% risk of failure)
Press: ? - help, Shift-Dir - straight line, f/p - water moccasin
Aim: a water moccasin (heavily wounded, chance to affect: 67%)
The water moccasin writhes in agony.
The water moccasin bites you.
Casting: Necrotise (safe; 4% risk of failure)
Confirm with . or Enter, or press ? or * to list all spells.
Aiming: Necrotise (safe; 4% risk of failure)
Press: ? - help, Shift-Dir - straight line, f/p - water moccasin
Aim: a water moccasin (heavily wounded, chance to affect: 67%)
You miscast Necrotise.
You are very lightly contaminated with residual magic.
Nothing appears to happen.
The water moccasin bites you! The water moccasin barely misses you.
Casting: Necrotise (safe; 4% risk of failure)
Confirm with . or Enter, or press ? or * to list all spells.
You don't have enough magic to cast this spell.
You closely miss the water moccasin.
The water moccasin is heavily wounded.
The water moccasin bites you but does no damage.
You hit the water moccasin.
The water moccasin is severely wounded.
The water moccasin closely misses you. The water moccasin bites you.
You miss the water moccasin.
The water moccasin is severely wounded.
The water moccasin bites you but does no damage.
You hit the water moccasin.
The water moccasin is severely wounded.
The water moccasin bites you.
* * * LOW HITPOINT WARNING * * *
You barely miss the water moccasin.
The water moccasin is severely wounded.
The water moccasin barely misses you. The water moccasin bites you!
* * * LOW HITPOINT WARNING * * *
It was a potion of berserk rage.
You feel slightly irritated. The water moccasin bites you.
You die...

.............##.....
.............#.....#
.....##....#........
...........+........
...##......#.... ..#
....##.......... ...#
.............#.#....#
...........#.#S.....#
...........#.@......#
........#............
#.......#.#........###
#.......#.#...........
#.......#.#...........
.#.......#.#...#.......
.........#.#...........
#........#'#...........
##....).........####


You could see a water moccasin.

Vanquished Creatures
  3 gnolls
  3 adders (D:2)
  3 dart slugs
  3 endoplasms (D:1)
  4 giant cockroaches
  4 goblins
  6 hobgoblins
  4 jackals (D:1)
  4 quokkas
  6 ball pythons
  4 bats
  4 frilled lizards
  9 kobolds
  5 rats
62 creatures vanquished.

Vanquished Creatures (collateral kills)
  2 endoplasms
  A goblin (D:2)
  A rat (D:2)
4 creatures vanquished.

Grand Total: 66 creatures vanquished

Notes
Turn   | Place    | Note
-------+----------+-------------------------------------------
     0 | D:1      | Lobster4 the Ghoul Necromancer began the quest for the Orb.
     0 | D:1      | Reached XP level 1. HP: 14/14 MP: 2/2
   193 | D:1      | Found a faded altar of an unknown god.
   215 | D:1      | Reached XP level 2. HP: 18/20 MP: 0/3
   690 | D:1      | Reached XP level 3. HP: 26/26 MP: 2/5
  1271 | D:2      | Reached skill level 1 in Unarmed Combat
  1314 | D:2      | Reached XP level 4. HP: 33/33 MP: 0/6
  1827 | D:2      | Reached skill level 1 in Armour
  2147 | D:2      | Reached XP level 5. HP: 38/38 MP: 2/7
  2394 | D:3      | Noticed a water moccasin
  2446 | D:2      | Learned a level 3 spell: Vampiric Draining
  2498 | D:3      | HP: 1/38 [water moccasin (7)]
  2499 | D:3      | Slain by a water moccasin

Illustrated notes

Levels and vault maps discovered:
D:1:      dpeg_arrival_rhombi, layout_basic, basic_ecumenical_altar
D:2:      layout_loops_cross
D:3:      layout_basic, mainiacjoe_overflow_cross_hatched, minmay_statues_item,
          nicolae_nh_oracle_at_delphi

Skill      XL: |  1  2  3  4 |
---------------+-------------+-----
Dodging        | 2 |  2.2
Spellcasting   | 2 |  2.3
Unarmed Combat | 1 |  1.4
Armour         | 1 |  1.1
Stealth        | 3 |  3.0
Short Blades   | |  0.8
Throwing       | |  0.8
Shields        | |  0.2
Necromancy     | |  4.4

Action                     |  1- 3 |  4- 6 || total
---------------------------+-------+-------++-------
  Melee: Spear             |     7 |       ||     7
         Unarmed           |    46 |       ||    46
         Short sword       |     8 |    37 ||    45
         Punch             |     1 |       ||     1
  Throw: Boomerang         |    35 |       ||    35
   Cast: Necrotise         |    34 |    49 ||    83
    Use: Potion            |       |     1 ||     1
   Stab: Sleeping          |       |     1 ||     1
 Armour: Robe              |    18 |    12 ||    30
  Dodge: Dodged            |    58 |    25 ||    83

Table legend: (Time is in decaauts)
 A = Elapsed time spent in this place.
 B = Non-inter-level travel time spent in this place.
 C = Inter-level travel time spent in this place.
 D = Time resting spent in this place.
 E = Time spent auto-exploring this place.
 F = Levels seen in this place.
 G = Mean time per level.
                   A        B        C        D        E       F      G
               +--------+--------+--------+--------+--------+-----+--------+
         Total |   2507 |   2422 |     85 |    166 |   1638 |   3 |  835.7 |
       Dungeon |   2507 |   2422 |     85 |    166 |   1638 |   3 |  835.7 |
               +--------+--------+--------+--------+--------+-----+--------+

Top non-repeatable levels by time:
     D:1: 1310 daAuts
     D:2: 1068 daAuts
     D:3: 127 daAuts
